 Dungeon Crawl Stone Soup version 0.19.1-1-g22dce08 (webtiles) character file.

38794 Mesmaeker13 the Spear-Bearer (level 14, -13/111 HPs)
             Began as a Merfolk Skald on Dec 29, 2016.
             Was a High Priest of the Shining One.
             Mangled by Rupert
             ... wielding a +6 battleaxe of venom
              (15 damage)
             ... on level 5 of the Lair of Beasts.
             The game lasted 01:04:48 (25986 turns).

Mesmaeker13 the Spear-Bearer (Merfolk Skald)       Turns: 25986, Time: 01:04:49

Health: -13/111    AC: 13    Str: 18    XL:     14   Next: 3%
Magic:  14/21      EV: 18    Int: 13    God:    the Shining One [*****.]
Gold:   1105       SH:  7    Dex: 14    Spells: 4 memorised, 9 levels left

rFire  + . .     SeeInvis .     F - +4 spear (pierce)
rCold  + . .     Gourm    .     r - +2 ring mail {rC+}
rNeg   + + .     Faith    +     L - +2 buckler
rPois  .         Spirit   .     i - +2 helmet
rElec  .         Reflect  .     k - +0 cloak
rCorr  .         Harm     .     (no gloves)
MR     +....                    V - +0 pair of boots
Stlth  +.........               B - amulet of faith
                                Q - ring of protection from fire
                                R - +3 ring of strength

@: lethally poisoned (-13 -> -14), glowing
A: change form in water, swift swim, stealthy swim
a: Divine Shield, Cleansing Flame, Summon Divine Warrior, Renounce Religion


You were on level 5 of the Lair of Beasts.
You worshipped the Shining One.
The Shining One was extremely pleased with you.
You were not hungry.

You visited 3 branches of the dungeon, and saw 17 of its levels.
You also visited: Sewer, Ice Cave and Volcano.

You collected 1105 gold pieces.

Inventory:

Hand Weapons
 s - a +0 trident
 F - a +4 spear of piercing (weapon)
Armour
 i - a +2 helmet (worn)
 k - a +0 cloak (worn)
 r - a +2 ring mail of cold resistance (worn)
 z - the +3 hat of Pondering {ponderous, MR+ MP+10 Int+5}
   (You took it off Gastronok on level 3 of the Lair of Beasts)

   It affects your intelligence (+5).
   It affects your resistance to hostile enchantments.
   It affects your magic capacity (+10).
 I - a +2 ring mail of fire resistance
 L - a +2 buckler (worn)
 V - a +0 pair of boots (worn)
Magical Staves
 l - an uncursed staff of death {unknown}
Jewellery
 n - an uncursed amulet of rage {unknown}
 q - an uncursed ring of flight
 B - an amulet of faith (around neck)
 E - an uncursed ring of see invisible
 Q - a ring of protection from fire (right hand)
 R - a +3 ring of strength (left hand)
Wands
 e - a wand of lightning (0/15)
 g - a wand of digging (15/24)
 C - a wand of digging (13/24)
 O - a wand of polymorph (5/24)
 P - a wand of lightning (1/15)
 U - a wand of iceblast (4/15)
Scrolls
 a - a scroll of silence {unknown}
 h - 2 scrolls of enchant armour
 o - 5 scrolls of magic mapping
 y - 9 scrolls of recharging
 H - a scroll of remove curse
 K - 3 scrolls of immolation {unknown}
 N - a scroll of torment {unknown}
 T - a scroll of fog {unknown}
 X - a scroll of identify
Potions
 b - 2 potions of curing
 c - 2 potions of cure mutation
 j - 6 potions of brilliance
 t - 2 potions of mutation {unknown}
 v - a potion of degeneration {unknown}
 w - a potion of magic {unknown}
 x - 4 potions of heal wounds
 A - 2 potions of flight {unknown}
 G - 4 potions of ambrosia {unknown}
 J - 3 potions of haste
 M - 3 potions of lignification {unknown}
 S - a potion of berserk rage {unknown}
Books
 u - a book of Cantrips

   Spells                             Type                      Level
   a - Confusing Touch                Hexes                        1
   b - Animate Skeleton               Necromancy                   1
   c - Summon Small Mammal            Summoning                    1
   d - Apportation                    Translocation                1
Comestibles
 d - 3 bread rations
 f - a beef jerky
 p - 10 fruits
 W - a meat ration


   Skills:
 + Level 10.9 Fighting
 - Level 14.0 Polearms
 - Level 3.0 Armour
 + Level 11.6 Dodging
 - Level 5.1 Shields
 - Level 2.0 Spellcasting
 - Level 8.1 Hexes
 - Level 11.0 Charms
 - Level 4.0 Translocations
 + Level 9.3 Invocations


You had 9 spell levels left.
You knew the following spells:

 Your Spells              Type           Power        Failure   Level  Hunger
a - Infusion              Chrm           ####         1%          1    ##.....
b - Song of Slaying       Chrm           ####....     1%          2    ###....
c - Shroud of Golubria    Chrm/Tloc      ###.......   2%          2    ###....
d - Spectral Weapon       Hex/Chrm       ####....     2%          3    ####...


Dungeon Overview and Level Annotations

Branches:
Dungeon (11/15)            Temple (1/1) D:7            Lair (5/6) D:9
  Swamp (0/4) Lair:2        Snake (0/4) Lair:2          Orc (0/2) D:11
  Slime: Lair:5-6

Altars:
Ashenzari
Cheibriados
Dithmenos
Elyvilon
Fedhas
Gozag
Hepliaklqana
Kikubaaqudgha
Makhleb
Nemelex Xobeh
Okawaru
Qazlal
Ru
Sif Muna
Trog
Uskayaw
Vehumet
Xom
Yredelemnul
Zin
The Shining One

Shops:
D:8 *

Annotations:
D:7 dscm's ghost, novice OpFi
Lair:5 exclusion: 4 oklob plants, Rupert


Message History

Rupert completely misses you. You block the elephant's attack.
The elephant trunk-slaps you but does no damage.
* * * LOW HITPOINT WARNING * * *
You feel sick. Rupert closely misses you.
* * * LOW HITPOINT WARNING * * *
You feel sick.
* * * LOW HITPOINT WARNING * * *
You feel sick.
* * * LOW HITPOINT WARNING * * *
You feel sick. Rupert misses you.
* * * LOW HITPOINT WARNING * * *
You feel sick. You block Rupert's attack.
You feel a little less agile now.
* * * LOW HITPOINT WARNING * * *
You feel sick.
* * * LOW HITPOINT WARNING * * *
You feel sick. You block Rupert's attack.
Rupert rages.
Rupert hits you with a battleaxe of venom!
You die...

##.... #.#......##....... #...P
##.............⌠... ###..#
#.................. ####....##
##.......#......### ####.#.#....#
####.###..⌠..#..#.
P...#.......#####.⌠.##...........
............##.#.....#...........
.......##......#⌠.<....⌠.<.⌠..⌠..
#.###P####P...Y@@....#...........
### ### ###...##.⌠.##...........
≈P# ##..##>.###...⌠....### ≈P#
#..P.......#.......# ≈P#
##....##.#P.#......... ≈P#
#.##.#..#######...⌠... ≈P#
###...#.# ##...... ≈P# ###..##
#..... ### #...###


You could see Rupert (berserk) and an elephant.

Vanquished Creatures
  2 entropy weavers (Lair:4)
  Josephine (Lair:5)
  Erica (D:11)
  2 hydras
  A queen ant (Lair:4)
  A hell hog (Volcano)
  3 death yaks (Lair:4)
  A fire crab (Volcano)
  A hill giant (D:11)
  3 ugly things
  4 elephants
  3 ice statues (IceCv)
  4 black mambas
  A molten gargoyle (Volcano)
  2 torpor snails
  5 spiny frogs
  4 komodo dragons
  3 rime drakes
  2 trolls (D:9)
  2 polar bears
  3 tyrant leeches
  8 dream sheep (Lair:4)
  4 hippogriffs
  6 blink frogs
  A vampire (D:11)
  3 wraiths
  Sigmund (D:4)
  A shadow (D:11)
  4 yaks (Lair:4)
  A basilisk (Lair:3)
  Eustachio (D:4)
  12 fire bats (Volcano)
  2 steam dragons
  21 soldier ants
  2 hell hounds (Volcano)
  Duvessa (D:6)
  12 porcupines
  10 water moccasins
  3 orc warriors
  7 ice beasts
  2 sky beasts
  A black bear (D:7)
  6 ogres
  A phantom (D:4)
  2 centaurs
  8 crocodiles
  5 big kobolds
  11 bullfrogs
  2 gnoll sergeants
  Blork the orc (D:6)
  A wyvern zombie (D:8)
  Dowan (D:6)
  3 scorpions
  12 killer bees
  5 wights (D:11)
  8 howler monkeys
  7 lava snakes (Volcano)
  5 crimson imps
  2 bullfrog zombies
  2 jellies
  3 bullfrog skeletons
  10 orc priests
  10 orc wizards
  3 centaur skeletons
  2 iguanas
  24 worker ants
  Robin (D:4)
  3 worker ant zombies
  10 adders
  8 gnolls
  A shadow imp (D:6)
  5 oozes
  An adder skeleton (D:10)
  An adder zombie (D:6)
  3 worms
  3 dart slugs (D:1)
  4 leopard geckos
  56 orcs
  17 bats
  8 giant cockroaches
  17 goblins
  11 hobgoblins
  14 jackals
  6 quokkas
  5 ball pythons
  4 frilled lizards
  35 kobolds
  A leopard gecko zombie (D:6)
  6 rats
506 creatures vanquished.

Vanquished Creatures (collateral kills)
  Gastronok (Lair:3)
  An elephant (Lair:5)
  3 wraiths (Lair:5)
  A porcupine (Lair:5)
6 creatures vanquished.

Vanquished Creatures (others)
  A hell hound (Volcano)
  10 fungi
  12 plants
  19 spectral weapons
42 creatures vanquished.

Grand Total: 554 creatures vanquished

Notes
Turn   | Place    | Note
-------+----------+-------------------------------------------
     0 | D:1      | Mesmaeker13 the Merfolk Skald began the quest for the Orb.
     0 | D:1      | Reached XP level 1. HP: 16/16 MP: 3/3
    60 | D:1      | Reached skill level 1 in Armour
    67 | D:1      | Reached XP level 2. HP: 10/22 MP: 5/5
   699 | D:1      | Reached XP level 3. HP: 19/27 MP: 6/6
  1004 | D:2      | Learned a level 2 spell: Song of Slaying
  1081 | D:2      | Reached skill level 4 in Polearms
  1146 | D:2      | Reached XP level 4. HP: 10/33 MP: 5/7
  1676 | D:2      | Found a faded altar of an unknown god.
  1751 | D:2      | Found a faded altar of an unknown god.
  1751 | D:2      | Found a faded altar of an unknown god.
  1756 | D:2      | Found a hide-covered altar of Uskayaw.
  1758 | D:2      | Found a faded altar of an unknown god.
  1764 | D:2      | Found a faded altar of an unknown god.
  1952 | D:2      | Found a glowing golden altar of the Shining One.
  1959 | D:2      | Became a worshipper of the Shining One
  2011 | D:3      | Found a shimmering altar of Xom.
  2381 | D:3      | Reached XP level 5. HP: 36/38 MP: 8/8
  2616 | D:3      | Reached skill level 5 in Polearms
  2894 | D:4      | Learned a level 2 spell: Shroud of Golubria
  2956 | D:4      | Reached XP level 6. HP: 24/44 MP: 3/9
  3191 | D:4      | Noticed a phantom
  3228 | D:5      | Entered Level 5 of the Dungeon
  3274 | D:5      | Got a brightly glowing falchion
  3308 | D:5      | Reached skill level 5 in Charms
  3314 | D:5      | Learned a level 3 spell: Spectral Weapon
  3341 | D:5      | HP: 1/44 [orc priest/divine providence (13)]
  3346 | D:5      | Reached skill level 6 in Polearms
  3353 | D:5      | HP: 2/44 [orc priest/divine providence (9)]
  3369 | D:5      | Reached skill level 1 in Hexes
  3406 | D:5      | Found a glowing drain.
  3433 | Sewer    | Entered a sewer
  3882 | Sewer    | Reached XP level 7. HP: 50/50 MP: 0/10
  4151 | Sewer    | Reached * piety under the Shining One
  4537 | D:5      | Reached skill level 7 in Polearms
  4930 | D:4      | Noticed Sigmund
  4980 | D:4      | Killed Sigmund
  4980 | D:4      | Reached XP level 8. HP: 56/56 MP: 3/11
  5312 | D:4      | Noticed Eustachio
  5326 | D:4      | Killed Eustachio
  5326 | D:4      | Reached skill level 8 in Polearms
  5497 | D:4      | Noticed Robin
  5512 | D:4      | Killed Robin
  6090 | D:5      | Reached ** piety under the Shining One
  6532 | D:6      | Reached skill level 5 in Dodging
  6553 | D:6      | Noticed Blork the orc
  7012 | D:6      | Noticed Duvessa
  7028 | D:6      | Killed Duvessa
  7098 | D:6      | Reached skill level 9 in Polearms
  7098 | D:6      | Reached XP level 9. HP: 50/61 MP: 5/12
  7200 | D:6      | Noticed Dowan
  7210 | D:6      | Killed Dowan
  7441 | D:6      | Found a shattered altar of Ashenzari.
  8059 | D:7      | Noticed dscm's ghost (novice OpFi)
  8071 | D:6      | Reached skill level 5 in Hexes
  8867 | D:6      | Killed Blork the orc
  8867 | D:6      | Reached skill level 10 in Polearms
  9103 | D:7      | Reached *** piety under the Shining One
  9397 | D:7      | Found a staircase to the Ecumenical Temple.
  9401 | Temple   | Entered the Ecumenical Temple
  9992 | D:7      | Reached skill level 1 in Shields
 10065 | D:8      | Found an opulent altar of Gozag.
 10069 | D:8      | Found Gozag's Platinum Reserve.
 10104 | D:8      | Found a bloodstained altar of Trog.
 10272 | D:8      | Reached XP level 10. HP: 67/67 MP: 9/13
 10341 | D:8      | Found a shimmering altar of Xom.
 10769 | D:9      | Found a sacrificial altar of Ru.
 10769 | D:9      | Found a radiant altar of Vehumet.
 11021 | D:9      | Found a staircase to the Lair.
 11083 | D:9      | Reached skill level 11 in Polearms
 11734 | D:10     | Entered Level 10 of the Dungeon
 12300 | D:11     | Noticed a hill giant
 12308 | D:11     | Killed a hill giant
 12323 | D:11     | Reached **** piety under the Shining One
 12614 | D:11     | Reached skill level 12 in Polearms
 12811 | D:11     | Found a staircase to the Orcish Mines.
 12959 | D:11     | Noticed a purple ugly thing
 12960 | D:11     | Noticed Erica
 12981 | D:11     | Killed a purple ugly thing
 12981 | D:11     | Reached XP level 11. HP: 78/78 MP: 2/14
 13317 | D:11     | Killed Erica
 13317 | D:11     | Reached skill level 5 in Shields
 13419 | D:11     | Reached skill level 5 in Fighting
 13676 | D:11     | Reached skill level 10 in Charms
 14020 | D:11     | Noticed a five-headed hydra
 14036 | D:11     | Killed a five-headed hydra
 14205 | D:9      | Reached ***** piety under the Shining One
 14245 | Lair:1   | Entered Level 1 of the Lair of Beasts
 14257 | Lair:1   | Found a dark tunnel.
 14272 | Volcano  | Entered a volcano
 14322 | Volcano  | Reached skill level 1 in Invocations
 14541 | Volcano  | Reached skill level 13 in Polearms
 14617 | Volcano  | Noticed a fire crab
 14669 | Volcano  | Found a bloodstained altar of Trog.
 14669 | Volcano  | Noticed a hell hog
 14678 | Volcano  | Killed a hell hog
 14931 | Volcano  | Killed a fire crab
 14931 | Volcano  | Reached XP level 12. HP: 41/89 MP: 10/15
 15785 | Lair:1   | Noticed a five-headed hydra
 15794 | Lair:1   | Killed a five-headed hydra
 15794 | Lair:1   | Reached skill level 14 in Polearms
 16472 | Lair:2   | Found a staircase to the Snake Pit.
 16513 | Lair:2   | Found a frozen archway.
 16530 | IceCv    | Entered an ice cave
 16563 | IceCv    | Reached skill level 5 in Invocations
 18413 | Lair:2   | Found a staircase to the Swamp.
 18773 | Lair:3   | Reached skill level 1 in Translocations
 18904 | Lair:3   | Noticed Gastronok
 18934 | Lair:3   | Killed Gastronok
 19724 | Lair:4   | Reached XP level 13. HP: 89/101 MP: 14/18
 19944 | Lair:4   | Noticed an entropy weaver
 20893 | Lair:4   | Killed an entropy weaver
 20893 | Lair:4   | Reached skill level 10 in Dodging
 21233 | Lair:4   | Noticed an entropy weaver
 22696 | Lair:4   | Reached skill level 10 in Fighting
 24526 | Lair:4   | Killed an entropy weaver
 25439 | Lair:5   | Noticed Josephine
 25471 | Lair:5   | Reached XP level 14. HP: 100/111 MP: 11/20
 25498 | Lair:5   | Killed Josephine
 25886 | Lair:5   | Noticed Rupert
 25934 | Lair:5   | Paralysed by Rupert for 3 turns
 25936 | Lair:5   | HP: 5/111 [elephant (7)]
 25976 | Lair:5   | HP: 5/111 [poisoned by Rupert]
 25981 | Lair:5   | HP: 3/111 [poisoned by Rupert]
 25984 | Lair:5   | HP: 1/111 [poisoned by Rupert]
 25986 | Lair:5   | Mangled by Rupert

Skill      XL: |  1  2  3  4  5  6  7  8  9 10 11 12 13 |
---------------+----------------------------------------+-----
Armour         | 1 2 3 |  3.0
Polearms       | 4 5 6 7 9 10 12 13 14 | 14.0
Charms         | 4 5 6 7 8 9 10 11 | 11.0
Hexes          | 1 2 4 6 7 8 |  8.1
Dodging        | 3 5 7 9 11 | 11.6
Shields        | 2 4 5 |  5.1
Fighting       | 4 6 9 10 | 10.9
Invocations    | 3 6 9 |  9.3
Translocations | 2 4 |  4.0
Spellcasting   | |  2.0

Action                   |  1- 3 |  4- 6 |  7- 9 | 10-12 | 13-15 || total
-------------------------+-------+-------+-------+-------+-------++-------
Melee: Spear             |   110 |   284 |   574 |   809 |   641 ||  2418
       Tailslap          |       |     4 |     7 |       |       ||    11
       Trident           |       |       |    69 |       |       ||    69
Throw: Throwing net      |       |       |     2 |     2 |       ||     4
 Cast: Infusion          |     7 |    16 |    24 |     5 |     1 ||    53
       Song of Slaying   |     1 |     2 |     4 |     3 |     1 ||    11
       Spectral Weapon   |       |       |    19 |    47 |    38 ||   104
       Shroud of Golubri |       |       |     3 |    22 |    11 ||    36
Invok: Summon Divine War |       |       |       |     3 |     3 ||     6
Evoke: Wand              |       |       |     6 |     7 |     2 ||    15
  Use: Scroll            |     1 |     6 |     5 |     5 |     4 ||    21
       Potion            |       |     4 |     3 |     6 |     8 ||    21
 Stab: Sleeping          |       |     1 |       |       |       ||     1
  Eat: Chunk             |     1 |     9 |    21 |    18 |    18 ||    67
       Bread ration      |       |       |     1 |     5 |     1 ||     7
       Fruit             |       |       |       |       |     3 ||     3
Armor: Leather armour    |    20 |    14 |       |       |       ||    34
       Ring mail         |       |    62 |   118 |   138 |    80 ||   398
Dodge: Dodged            |    43 |   107 |   232 |   287 |   206 ||   875
Block: Buckler           |       |       |     8 |   149 |   131 ||   288
